 Dungeon Crawl Stone Soup version 0.31.0-11-ge490571c62 (webtiles) character file.

Game seed: 2978998256880844217

23 Flugkiller the Chiller (level 3, -2/16 HPs)
             Began as a Vine Stalker Ice Elementalist on Feb 3, 2024.
             Slain by an orc
             ... wielding a +0 mace
              (7 damage)
             ... on level 3 of the Dungeon.
             The game lasted 00:00:49 (396 turns).

Flugkiller the Chiller (VSIE)                        Turns: 396, Time: 00:00:50

Health: -2/16      AC:  2    Str: 10    XL:     3   Next: 0%
Magic:  0/8        EV: 12    Int: 17    God:
Gold:   30         SH:  0    Dex: 14    Spells: 6/7 levels left

rFire   . . .        c - +0 dagger
rCold   . . .        (no shield)
rNeg    . . .        a - +0 robe
rPois   .            (no helmet)
rElec   .            (no cloak)
rCorr   .            (no gloves)
SInv    .            (no boots)
Will    .....        (no amulet)
Stlth   ++           (no ring)
HPRegen 1.02/turn    (no ring)
MPRegen 0.11/turn

%: guardian spirit
@: no status effects
A: fangs 2, regeneration 1, magic shield, antimagic bite, no potion heal 2
a: no special abilities


You were on level 3 of the Dungeon.
You visited 1 branch of the dungeon, and saw 3 of its levels.

You collected 30 gold pieces.

Inventory:

Hand Weapons
 c - a +0 dagger (weapon)
   (You took it off a goblin on level 1 of the Dungeon)
Armour
 a - a +0 robe (worn)
Scrolls
 d - a scroll of poison {unknown}
 f - a scroll of identify {unknown}
Potions
 b - a potion of magic
 e - a potion of enlightenment {unknown}


   Skills:
 - Level 1.5 Dodging
 - Level 2.4 Stealth
 + Level 2.9 Spellcasting
 + Level 4.4 Ice Magic


You had 6 spell levels left.
You knew the following spells:

 Your Spells              Type           Power      Damage    Failure   Level
a - Freeze                Ice            68%        1d8       2%          1

Your spell library contained the following spells:

 Spells                   Type           Power      Damage    Failure   Level
 Frozen Ramparts          Ice            34%        1d6       9%          3
 Ozocubu's Armour         Ice            17%        N/A       9%          3
 Sting                    Conj/Alch      8%         1d3       19%         1
 Summon Ice Beast         Ice/Summ       10%        N/A       22%         3
 Mercury Vapours          Alch/Air       4%         N/A       26%         2
 Dazzling Flash           Conj/Hex       4%         N/A       47%         3
 Mephitic Cloud           Conj/Alch/Air  2%         N/A       47%         3
 Olgreb's Toxic Radiance  Alch           2%         N/A       87%         4
 Curse of Agony           Necr           2%         N/A       99%         5
 Silence                  Hex/Air        1%         N/A       99%         5


Dungeon Overview and Level Annotations

Branches:
Dungeon (3/15) Zot: 17602

Altars:


Innate Abilities, Weirdness & Mutations

You have extremely sharp teeth.
Your natural rate of healing is unusually fast.
When hurt, damage is shared between your health and your magic reserves.
Your bite disrupts and absorbs the magic of your enemies.
Potions cannot restore your health.


Message History

Aiming: Freeze (safe; 3% risk of failure)
Press: ? - help, Shift-Dir - straight line, f/p - ribbon worm
Aim: a ribbon worm (heavily wounded)
You freeze the ribbon worm.
The ribbon worm is severely wounded.
The ribbon worm bites you!
Ouch! That really hurt!
You hit the ribbon worm.
The ribbon worm is severely wounded.
The ribbon worm expels a string of sticky webbing.
The stream of webbing hits you but does no damage.
You are caught in a web!
You struggle to detach yourself from the web.
The ribbon worm bites you but does no damage.
The web tears apart.
You hit the ribbon worm. You bite the ribbon worm.
You kill the ribbon worm!
You see here a ribbon worm corpse.
f - a scroll labelled EDOPUM HAKH You pick up a Young Poisoner's Handbook and begin reading...
You add the spells Sting, Mercury Vapours and Olgreb's Toxic Radiance to your library.
Magic restored.
You now have 30 gold pieces (gained 3). 4 orcs come into view.
Unknown command.
What are your orders? t - Shout!
Orders for allies: a - Attack new target. r - Retreat! s - Stop attacking. g - Guard the area. f - Follow me.
Anything else - Cancel.
You shout for attention!
The orc shouts!
You closely miss the orc. The orc hits you with a +0 dagger.
You hit the orc. Your bite misses the orc.
The orc is lightly wounded.
The orc barely misses you.
The orc shouts!
You hit the orc. Your bite misses the orc.
The orc is heavily wounded.
The orc barely misses you.
You hit the orc but do no damage.
The orc is heavily wounded.
The orc barely misses you.
You completely miss the orc. Your bite misses the orc.
The orc is heavily wounded.
The orc barely misses you.
You hit the orc but do no damage.
The orc is heavily wounded.
The orc hits you with a +0 dagger.
You barely miss the orc.
The orc is heavily wounded.
The orc barely misses you.
You barely miss the orc. Your bite misses the orc.
The orc is heavily wounded.
The orc hits you but does no damage.
You barely miss the orc.
The orc is heavily wounded.
The orc hits you with a +0 dagger.
You hit the orc.
The orc is almost dead.
The orc misses you.
You hit the orc but do no damage.
The orc is almost dead.
The orc hits you with a +0 dagger.
You hit the orc.
You kill the orc!
You have reached level 3!
Your experience leads to an increase in your attributes!
Increase (S)trength, (I)ntelligence, or (D)exterity?
You feel clever. x2
Unknown command.
You hit the orc but do no damage. Your bite misses the orc.
The orc barely misses you.
You hit the orc. Your bite misses the orc.
The orc is moderately wounded.
The orc hits you with a +0 mace.
You hit the orc but do no damage.
The orc is moderately wounded.
The orc hits you with a +0 mace.
You hit the orc but do no damage.
The orc is moderately wounded.
The orc hits you with a +0 mace.
You barely miss the orc. Your bite misses the orc.
The orc is moderately wounded.
The orc hits you with a +0 mace.
You are too injured to fight recklessly!
You hit the orc.
The orc is heavily wounded.
The orc hits you with a +0 mace.
* * * LOW HITPOINT WARNING * * *
You are too injured to fight recklessly!
Casting: Freeze (safe; 2% risk of failure)
Confirm with . or Enter, or press ? or * to list all spells.
Aiming: Freeze (safe; 2% risk of failure)
Press: ? - help, Shift-Dir - straight line, f - orc
Aim: an orc, wielding a +0 mace (heavily wounded)
You freeze the orc.
The orc is severely wounded.
The orc hits you with a +0 mace!
You die...

#.##.##.#.#####..........#
#.##...............#######
#.#####.#.###.....##
#.#####.#.# ###.†##
#.......#.#####..#
#########........#
########.# #.# #@# #o# #
#o# ####.##o## #........#
#......#..# #..#........#
. .........## ...####...##


You could see 3 orcs.

Vanquished Creatures
  A dart slug (D:2)
  A ribbon worm (D:3)
  An orc (D:3)
  4 goblins
  3 hobgoblins
  A quokka (D:1)
  A ball python (D:3)
  2 bats
  A frilled lizard (D:2)
  2 rats (D:2)
17 creatures vanquished.

Notes
Turn   | Place    | Note
-------+----------+-------------------------------------------
     0 | D:1      | Flugkiller the Vine Stalker Ice Elementalist began the
                  | quest for the Orb.
     0 | D:1      | Reached XP level 1. HP: 9/9 MP: 4/4
    72 | D:2      | Reached XP level 2. HP: 13/13 MP: 1/6
   390 | D:3      | Reached XP level 3. HP: 14/16 MP: 5/8
   396 | D:3      | Slain by an orc

Illustrated notes

Levels and vault maps discovered:
D:1:      psy_arrival_whirlpool, layout_loops_cross,
          nicolae_ecumenical_lake_church, minmay_liquid_box,
          minmay_misc_feat_room
D:2:      layout_loops_ring, dk_noncrumbling_3
D:3:      layout_loops_corners, serial_shops, shop, uniq_ijyb, uniq_terence

Action                     || total
---------------------------++-------
  Melee: Dagger            ||    47
         Unarmed           ||     2
         Bite              ||     7
   Cast: Freeze            ||    20
 Armour: Robe              ||    42
  Dodge: Dodged            ||    21
